 Dungeon Crawl Stone Soup version 0.23-a0-586-gacb4b3f (webtiles) character file.

1214 galech the Chopper (level 8, -9/61 HPs)
             Began as a Demonspawn Fighter on Dec 19, 2018.
             Was a Follower of Okawaru.
             Splashed by Pikel's acid (16 damage)
             ... on level 6 of the Dungeon.
             The game lasted 00:06:35 (4187 turns).

galech the Chopper (Demonspawn Fighter)             Turns: 4187, Time: 00:06:35

Health: -9/61      AC:  0    Str: 17    XL:     8   Next: 22%
Magic:  8/8        EV:  8    Int: 10    God:    Okawaru [*.....]
Gold:   300        SH: 10    Dex: 18    Spells: 7/7 levels left

rFire    . . .     SeeInvis .   a - +0 war axe
rCold    . . .     Gourm    .   c - +0 shield
rNeg     + . .     Faith    .   b - +0 scale mail
rPois    .         Spirit   .   (helmet restricted)
rElec    .         Reflect  .   (no cloak)
rCorr    .         Harm     .   i - +0 pair of gloves (curse)
MR       .....                  (no boots)
Stlth    ++........             (no amulet)
HPRegen  0.20/turn              s - ring of positive energy
MPRegen  0.11/turn              (no ring)

@: corroded
A: horns 1, thin skeletal structure 2, powered by death 1
a: Heroism, Renounce Religion


You were on level 6 of the Dungeon.
You worshipped Okawaru.
Okawaru was aware of your devotion.
You were hungry.

You visited 2 branches of the dungeon, and saw 7 of its levels.
You also visited: Sewer.

You collected 300 gold pieces.

Inventory:

Hand Weapons
 a - a +0 war axe (weapon)
Armour
 b - a +0 scale mail (worn)
 c - a +0 shield (worn)
 i - a cursed +0 pair of gloves (worn)
Jewellery
 s - a ring of positive energy (left hand)
Wands
 g - a wand of flame (16)
 o - a wand of polymorph (8)
Scrolls
 n - 3 scrolls of magic mapping
 p - 3 scrolls of remove curse
 r - 2 scrolls of amnesia
 v - a scroll of noise
Potions
 d - a potion of mutation
 h - a potion of degeneration
 j - a potion of berserk rage
 k - 4 potions of flight
 l - a potion of haste
 m - a potion of agility
 q - 4 potions of curing
Comestibles
 f - 4 rations
 u - 5 chunks of flesh


   Skills:
 + Level 4.9 Fighting
 + Level 6.2 Axes
 + Level 4.4 Armour
 + Level 1.7 Dodging
 + Level 0.9 Stealth
 + Level 4.5 Shields


You had 7 spell levels left.
You didn't know any spells.
Your spell library was empty.

Dungeon Overview and Level Annotations

Branches:
Dungeon (6/15)             Temple (1/1) D:5

Altars:
Ashenzari
Elyvilon
Gozag
Hepliaklqana
Makhleb
Nemelex Xobeh
Okawaru
Qazlal
Ru
Sif Muna
Trog
Vehumet
Wu Jian
Xom
Yredelemnul
The Shining One

Shops:
D:4 %

Annotations:
D:6 Pikel


Innate Abilities, Weirdness & Mutations

You have a pair of small horns on your head.
You have a moderately thin skeletal structure. (Dex +4, Stealth+)
You regenerate a little health from kills.


Message History

You are too injured to fight recklessly!
You are too injured to fight recklessly!
You are too injured to fight recklessly!
You are too injured to fight recklessly!
You are too injured to fight recklessly!
You are too injured to fight recklessly!
You are too injured to fight recklessly!
You are too injured to fight recklessly!
You are too injured to fight recklessly!
You are too injured to fight recklessly!
You are too injured to fight recklessly!
You are too injured to fight recklessly!
You feel much better.
Pikel hits you with a +0 whip of flaming.
Pikel burns you.
* * * LOW HITPOINT WARNING * * *
Pikel zaps a wand.
The bolt of acid hits you!
* * * LOW HITPOINT WARNING * * *
The acid corrodes you!
You are splashed with acid!
The acid burns!
You die...

...###..## ..##
##..## ##### #...
..# ###.## #...###
##.... ..# ##<###
#.....## #...!. ###
##..## #......#
#.....
##..###......#
...... #
##..##......#
#..... ##
##..#.....# ##....S
.## ##.@#....#
###....p. ..#
##..#######..##....
<.#
###K#####....##...
..#
#.p.............
..#
##...............
..#
##................
.##
#.................
##
#.##...####.......
######## ########


You could see Pikel and a slave.

Vanquished Creatures
  Eustachio (D:6)
  Sigmund (D:3)
  3 slaves (D:6)
  2 centaurs (D:5)
  A big kobold (Sewer)
  A bullfrog (D:6)
  2 howler monkeys
  2 crimson imps
  A hound (D:4)
  A gnoll shaman (D:5)
  Natasha (thrice) (D:3)
  3 worker ants
  A killer bee zombie (D:5)
  Robin (D:3)
  5 gnolls (D:5)
  5 adders
  A river rat (Sewer)
  2 shadow imps (D:6)
  An ooze (D:2)
  5 worms
  2 dart slugs
  2 leopard geckos
  An orc (D:4)
  2 ball pythons
  10 bats
  7 giant cockroaches
  6 hobgoblins
  8 jackals
  A quokka (D:5)
  6 frilled lizards
  17 goblins
  12 kobolds
  15 rats
131 creatures vanquished.

Vanquished Creatures (others)
  10 toadstools (D:6)
10 creatures vanquished.

Grand Total: 141 creatures vanquished

Notes
Turn   | Place    | Note
-------+----------+-------------------------------------------
     0 | D:1      | galech the Demonspawn Fighter began the quest for the Orb.
     0 | D:1      | Reached XP level 1. HP: 18/18 MP: 1/1
   134 | D:1      | Gained mutation: You have a somewhat thin skeletal
                  | structure. (Dex +2, Stealth) [demonic ancestry]
   134 | D:1      | Reached XP level 2. HP: 12/24 MP: 2/2
   341 | D:1      | Reached skill level 2 in Axes
   619 | D:1      | Reached XP level 3. HP: 27/29 MP: 3/3
  1315 | D:2      | Gained mutation: You regenerate a little health from kills.
                  | [demonic ancestry]
  1315 | D:2      | Reached XP level 4. HP: 36/36 MP: 4/4
  1361 | D:2      | Found a faded altar of an unknown god.
  1548 | D:3      | Noticed Sigmund
  1563 | D:3      | Noticed Robin
  1565 | D:3      | Reached skill level 3 in Axes
  1568 | D:3      | Killed Robin
  1571 | D:3      | Killed Sigmund
  1571 | D:3      | Reached skill level 4 in Axes
  1571 | D:3      | Reached skill level 1 in Dodging
  1571 | D:3      | Gained mutation: You have a moderately thin skeletal
                  | structure. (Dex +4, Stealth+) [demonic ancestry]
  1571 | D:3      | Reached XP level 5. HP: 26/42 MP: 5/5
  1571 | D:3      | Gained mutation: You have a pair of small horns on your
                  | head. [demonic ancestry]
  1571 | D:3      | Reached XP level 6. HP: 29/48 MP: 6/6
  1821 | D:3      | Noticed Natasha
  1829 | D:3      | Killed Natasha
  1845 | D:3      | Noticed Natasha
  1853 | D:3      | Killed Natasha
  2109 | D:3      | Noticed Natasha
  2115 | D:3      | Killed Natasha
  2655 | D:4      | Found Taleen's Food Shoppe.
  2876 | D:4      | Found a burning altar of Makhleb.
  2926 | D:5      | Entered Level 5 of the Dungeon
  2954 | D:5      | Reached XP level 7. HP: 55/55 MP: 7/7
  2992 | D:5      | Found a staircase to the Ecumenical Temple.
  3001 | Temple   | Entered the Ecumenical Temple
  3033 | Temple   | Became a worshipper of Warmaster Okawaru
  3099 | D:5      | Found a glowing drain.
  3114 | D:5      | Reached skill level 5 in Axes
  3129 | Sewer    | Entered a sewer
  3317 | Sewer    | Found a white marble altar of Elyvilon.
  3845 | D:6      | Noticed Eustachio
  3867 | D:6      | Killed Eustachio
  3867 | D:6      | Reached skill level 6 in Axes
  3867 | D:6      | Reached XP level 8. HP: 32/61 MP: 8/8
  4061 | D:6      | Reached * piety under Okawaru
  4178 | D:6      | Noticed Pikel
  4184 | D:6      | HP: 3/61 [acid (18)]
  4187 | D:6      | Splashed by Pikel's acid

Vault maps used:
D:1:      lightli_iron_boxes, minmay_box_of_dots
D:2:      chequers_ecumenical_altar_grove, minmay_quadrilaterals
D:3:      minmay_general_purpose_star, uniq_natasha, uniq_robin, uniq_sigmund
D:4:      makhleb_grotto_becter, first_ration, serial_shops,
          nicolae_shop_statue_plus
D:5:      minmay_temple_entry_grid, portal_sewer_entry_c
D:6:      cheibrodos_fertilizer, serial_glass, glass_columns_c, glass_columns_c,
          uniq_crazy_yiuf_cottage, uniq_eustachio, uniq_pikel
Temple:   regret_index_temple_sigil_plot
Sewer:    sewer_kobolds

Skill      XL: |  1  2  3  4  5  6  7 |
---------------+----------------------+-----
Axes           | 2 4 6 |  6.2
Armour         | 3 4 |  4.4
Shields        | 3 4 |  4.5
Fighting       | 4 |  4.9
Dodging        | 1 |  1.7
Stealth        | |  0.9

Action                   |  1- 3 |  4- 6 |  7- 9 || total
-------------------------+-------+-------+-------++-------
Melee: War axe           |   133 |   135 |   176 ||   444
       Headbutt          |       |    17 |    37 ||    54
  Use: Potion            |       |     1 |     1 ||     2
       Scroll            |       |     4 |     8 ||    12
 Stab: Sleeping          |       |       |     1 ||     1
  Eat: Chunk             |     2 |     5 |     4 ||    11
Armor: Scale mail        |    85 |    57 |    58 ||   200
Dodge: Dodged            |    39 |    37 |    41 ||   117
Block: Shield            |    72 |    59 |    78 ||   209

Table legend:
 A = Non-vault XP
 B = Vault XP
 C = Vault XP percentage of total XP
 D = Non-vault monster count
 E = Vault monster count
 F = Vault count percentage of total count
                 A         B        C        D         E       F
            +---------+---------+-------+---------+---------+-------
      Total |    1008 |     727 |  41.9 |      90 |      38 |  29.7
            +---------+---------+-------+---------+---------+-------
        D:1 |      54 |       0 |   0.0 |      32 |       0 |   0.0
        D:2 |      79 |       5 |   6.0 |      13 |       4 |  23.5
        D:3 |     106 |     316 |  74.9 |      14 |      19 |  57.6
        D:4 |     123 |      46 |  27.2 |       8 |       1 |  11.1
        D:5 |     434 |      22 |   4.8 |      16 |       5 |  23.8
        D:6 |     212 |     220 |  50.9 |       7 |       1 |  12.5
      Sewer |       0 |     118 | 100.0 |       0 |       8 | 100.0
            +---------+---------+-------+---------+---------+-------
